 Dungeon Crawl Stone Soup version 0.19.0-19-g8c6edcc (webtiles) character file.

199 toast the Covered (level 5, 0/47 HPs)
             Began as a Minotaur Fighter on Nov 16, 2016.
             Was an Initiate of Okawaru.
             Slain by an orc warrior
             ... wielding a +0 halberd
              (7 damage)
             ... on level 3 of the Dungeon.
             The game lasted 00:05:24 (2179 turns).

toast the Covered (Minotaur Fighter)                Turns: 2179, Time: 00:05:24

Health: 0/47       AC:  7    Str: 21    XL:     5   Next: 48%
Magic:  4/4        EV:  7    Int:  5    God:    Okawaru [......]
Gold:   180        SH: 10    Dex: 10    Spells: 0 memorised, 4 levels left

rFire  . . .     SeeInvis .     a - +1 war axe
rCold  . . .     Gourm    .     b - +0 scale mail
rNeg   . . .     Faith    .     c - +1 shield
rPois  .         Spirit   .     (helmet restricted)
rElec  .         Reflect  .     (no cloak)
rCorr  .         Harm     .     (no gloves)
MR     .....                    (no boots)
Stlth  ..........               (no amulet)
                                (no ring)
                                (no ring)

@: no status effects
A: retaliatory headbutt, horns 2
a: Renounce Religion


You were on level 3 of the Dungeon.
You worshipped Okawaru.
Okawaru was noncommittal.
You were not hungry.

You visited 1 branch of the dungeon, and saw 3 of its levels.

You collected 180 gold pieces.

Inventory:

Hand Weapons
 a - a +1 war axe (weapon)
Armour
 b - a +0 scale mail (worn)
 c - a +1 shield (worn)
Wands
 e - a wand of polymorph (11/24)
Scrolls
 j - 3 scrolls of identify
 m - a scroll of recharging {unknown}
 o - a scroll of remove curse
 p - a scroll of magic mapping {unknown}
Potions
 d - a potion of might
 i - a potion of heal wounds {unknown}
 k - a potion of agility {unknown}
 l - a potion of brilliance {unknown}
 q - a potion of cancellation {unknown}
Comestibles
 f - a bread ration
 g - 2 chunks of flesh
 h - 2 beef jerkies
 n - a royal jelly


   Skills:
 + Level 4.6 Fighting
 * Level 4.7 Axes
 + Level 4.8 Armour
 + Level 4.4 Shields


You had 4 spell levels left.
You didn't know any spells.

Dungeon Overview and Level Annotations

Branches:
Dungeon (3/15)

Altars:
Okawaru
The Shining One


Innate Abilities, Weirdness & Mutations

You reflexively headbutt those who attack you in melee.
You have a pair of horns on your head.


Message History

The orc warrior is heavily wounded.
You block the orc warrior's attack.
Your shield and scale mail prevent you from hitting the orc warrior.
The orc warrior is heavily wounded.
The orc warrior hits you with a halberd!
You closely miss the orc warrior.
The orc warrior is heavily wounded.
You block the orc warrior's attack.
You slash the orc warrior!
The orc warrior is almost dead.
The orc warrior hits you with a halberd!
You closely miss the orc warrior. You headbutt the orc warrior.
The orc warrior is almost dead.
You block the orc warrior's attack.
You hit the orc warrior but do no damage.
The orc warrior is almost dead.
The orc warrior hits you with a halberd!
* * * LOW HITPOINT WARNING * * *
The orc warrior hits you with a halberd!
You die...

#..##..........#
#..##.#.##.##..#.#
#..##.#.##.##..#.#
#..##.#.##.....#.#
########..#..#.##...#.#.#
#.........#.##.##...#.#.#
#####.##.##.##.##...#.#.#
# #.##....##...#.#.#
#@.......#####.#.#
#.o...............
#........#####.#.#
#....##'##........#..
#######.##.##########
#.##.#.........
#J##.#.#.......
#o##.#.#.......
##.##.#.#.......


You could see an orc warrior.

Vanquished Creatures
  An orc priest (D:3)
  An orc wizard (D:3)
  4 adders
  3 worms (D:3)
  2 dart slugs
  4 leopard geckos
  3 orcs
  4 bats
  A giant cockroach (D:1)
  9 hobgoblins
  18 jackals
  13 kobolds
  A quokka (D:2)
  6 frilled lizards
  8 goblins
  5 rats
83 creatures vanquished.

Notes
Turn   | Place    | Note
-------+----------+-------------------------------------------
     0 | D:1      | toast the Minotaur Fighter began the quest for the Orb.
     0 | D:1      | Reached XP level 1. HP: 19/19 MP: 0/0
    64 | D:1      | Reached XP level 2. HP: 21/27 MP: 1/1
   309 | D:1      | Reached XP level 3. HP: 33/33 MP: 2/2
   736 | D:2      | Reached XP level 4. HP: 30/40 MP: 3/3
   816 | D:2      | Found an iron altar of Okawaru.
   825 | D:2      | Became a worshipper of Warmaster Okawaru
  1024 | D:3      | Noticed an orc warrior
  1787 | D:3      | Reached XP level 5. HP: 42/47 MP: 4/4
  1964 | D:3      | Found an iron altar of Okawaru.
  2130 | D:3      | Found a glowing golden altar of the Shining One.
  2179 | D:3      | Slain by an orc warrior

Skill      XL: |  1  2  3  4 |
---------------+-------------+-----
Axes           | 3 4 |  4.7
Armour         | 4 |  4.8
Fighting       | 4 |  4.6
Shields        | 4 |  4.4

Action                   |  1- 3 |  4- 6 || total
-------------------------+-------+-------++-------
Melee: War axe           |   129 |    98 ||   227
       Headbutt          |    16 |    10 ||    26
  Use: Scroll            |     6 |       ||     6
  Eat: Chunk             |       |     5 ||     5
Armor: Scale mail        |    68 |    39 ||   107
Dodge: Dodged            |    39 |    22 ||    61
Block: Shield            |    85 |    58 ||   143
